 Dungeon Sprint DCSS version 0.31.0-9-g3a7656b989 (webtiles) character file.

Game seed: 11552873971825078246

130 Heoruswealwe the Spear-Bearer (level 4, -5/45 HPs)
             Began as a Minotaur Fighter on Feb 5, 2024.
             Slain by a vampire mosquito (9 damage)
             ... in the Dungeon (Sprint IX: "|||||||||||||||||||||||||||||").
             The game lasted 00:00:55 (130 turns).

Heoruswealwe the Spear-Bearer (Minotaur Fighter)     Turns: 130, Time: 00:00:56

Health: -5/45      AC:  7    Str: 22    XL:     4   Next: 90%
Magic:  3/3        EV:  9    Int:  5    God:
Gold:   0          SH:  4    Dex: 10    Spells: 3/3 levels left

rFire   . . .        a - +0 trident
rCold   . . .        d - +0 buckler
rNeg    . . .        c - +0 scale mail
rPois   .            (helmet restricted)
rElec   .            (no cloak)
rCorr   .            (no gloves)
SInv    .            (no boots)
Will    .....        (no amulet) Stlth
                     (no ring)
HPRegen 0.27/turn    (no ring)
MPRegen 0.08/turn

%: no teleportation
@: no status effects
A: horns 2, retaliatory headbutt
a: no special abilities


You were in the Dungeon.
You visited 1 branch

Inventory:

Hand Weapons
 a - a +0 trident (weapon)
Armour
 c - a +0 scale mail (worn)
 d - a +0 buckler (worn)
Jewellery
 n - a +3 ring of strength
 o - a +3 ring of intelligence
Wands
 m - a wand of roots (10)
Scrolls
 j - 2 scrolls of blinking
 l - 2 scrolls of amnesia
Potions
 b - a potion of might
 e - 5 potions of curing
 f - 3 potions of heal wounds
 g - a potion of haste
 h - 2 potions of magic
 i - a potion of berserk rage
 k - a potion of invisibility


   Skills:
 + Level 6.9 Fighting
 * Level 8.6 Polearms
 + Level 6.9 Armour
 - Level 3.6 Shields


You had 3 spell levels left.
You didn't know any spells.
Your spell library was empty.

Dungeon Overview and Level Annotations

Branches:
Dungeon (1/1)

Altars:
Cheibriados
Dithmenos
Elyvilon
Fedhas
Gozag
Hepliaklqana
Kikubaaqudgha
Makhleb
Nemelex Xobeh
Okawaru
Qazlal
Ru
Sif Muna
Trog
Uskayaw
Vehumet
Wu Jian
Xom
Yredelemnul
Zin
The Shining One
Jiyva
Lugonu


Innate Abilities, Weirdness & Mutations

You have a pair of horns on your head.
You reflexively headbutt those who attack you in melee.


Message History

n - a +3 ring of strength You see here a +1 chain mail of poison resistance.
You see here a +0 cloak.
You see here a +0 helmet.
Items here: )))))).
Okay, then.
You see here a +0 helmet.
You see here a +0 cloak.
You see here a +1 chain mail of poison resistance.
o - a +3 ring of intelligence You open the door. 2 vampire mosquitoes, a killer bee, a wight, a gargoyle and a yak come into view.
The vampire mosquito buzzes angrily. x2; The killer bee buzzes angrily.
The yak bellows!
The vampire mosquito bites you but does no damage.
You miss the vampire mosquito.
The vampire mosquito bites you but does no damage.
The vampire mosquito barely misses you.
You barely miss the vampire mosquito. You headbutt the vampire mosquito.
The vampire mosquito is lightly damaged.
The vampire mosquito bites you!
The vampire mosquito draws strength from your injuries!
You closely miss the vampire mosquito.
The vampire mosquito is lightly damaged.
The vampire mosquito completely misses you.
The vampire mosquito bites you.
The vampire mosquito draws strength from your injuries!
You closely miss the vampire mosquito.
Your headbutt misses the vampire mosquito.
The vampire mosquito bites you.
* * * LOW HITPOINT WARNING * * *
The vampire mosquito draws strength from your injuries!
The vampire mosquito bites you!
* * * LOW HITPOINT WARNING * * *
The vampire mosquito draws strength from your injuries!
You hit the vampire mosquito.
Your headbutt misses the vampire mosquito.
The vampire mosquito is lightly damaged.
The vampire mosquito bites you!
You die... ▓▓▓▓▓▓▓▓▓▓▓▓▓▓▓▓▓▓▓▓▓▓▓▓ _______'!.).[[[.@yyyz9Y. ▓▓▓▓▓▓▓▓▓▓▓▓▓▓▓▓▓▓▓▓▓▓▓▓

You could see a yak, 2 vampire mosquitoes, a gargoyle, a killer bee and a wight.

Vanquished Creatures
  A scorpion (D)
  A hound (D)
  An iguana (D)
  An adder (D)
  An orc (D)
  A ball python (D)
  A goblin (D)
  A hobgoblin (D)
  A kobold (D)
  A rat (D)
10 creatures vanquished.

Notes
Turn   | Place    | Note
-------+----------+-------------------------------------------
     0 | D        | Heoruswealwe the Minotaur Fighter began the quest for the
                  | Orb.
     0 | D        | Reached XP level 1. HP: 19/19 MP: 0/0
     6 | D        | Reached skill level 3 in Polearms
    37 | D        | Noticed a scorpion
    37 | D        | Noticed an iguana
    37 | D        | Noticed a hound
    39 | D        | Killed a scorpion
    40 | D        | Reached skill level 5 in Fighting
    40 | D        | Reached skill level 7 in Polearms
    40 | D        | Reached skill level 5 in Armour
    40 | D        | Reached XP level 2. HP: 25/30 MP: 1/1
    40 | D        | Reached XP level 3. HP: 30/37 MP: 2/2
    46 | D        | Reached XP level 4. HP: 24/44 MP: 3/3
    64 | D        | Reached skill level 8 in Polearms
    73 | D        | Found a snail-covered altar of Cheibriados.
    73 | D        | Found a shadowy altar of Dithmenos.
    73 | D        | Found a white marble altar of Elyvilon.
    73 | D        | Found a blossoming altar of Fedhas.
    73 | D        | Found an opulent altar of Gozag.
    74 | D        | Found a hazy altar of Hepliaklqana.
    75 | D        | Found a viscous altar of Jiyva.
    76 | D        | Found an ancient bone altar of Kikubaaqudgha.
    77 | D        | Found a corrupted altar of Lugonu.
    78 | D        | Found a burning altar of Makhleb.
    79 | D        | Found a sparkling altar of Nemelex Xobeh.
    80 | D        | Found an iron altar of Okawaru.
    81 | D        | Found a stormy altar of Qazlal.
    82 | D        | Found a sacrificial altar of Ru.
    83 | D        | Found a shimmering blue altar of Sif Muna.
    84 | D        | Found a bloodstained altar of Trog.
    85 | D        | Found a hide-covered altar of Uskayaw.
    86 | D        | Found a radiant altar of Vehumet.
    87 | D        | Found an ornate altar of the Wu Jian Council.
    88 | D        | Found a shimmering altar of Xom.
    89 | D        | Found a basalt altar of Yredelemnul.
    90 | D        | Found a glowing silver altar of Zin.
    91 | D        | Found a glowing golden altar of the Shining One.
   125 | D        | Noticed a vampire mosquito
   125 | D        | Noticed a vampire mosquito
   125 | D        | Noticed a gargoyle
   125 | D        | Noticed a yak
   130 | D        | Slain by a vampire mosquito

Illustrated notes

Levels and vault maps discovered:
D:        linesprint [early_d, line_temple, items_1, d_10, items_2, lair_1,
          lair_end, items_3, orc_1, orc_end, items_4, d_15, swamp_1, shoals_1,
          snake_1, spider_1, d_20, vaults_1, items_5, swamp_end, shoals_end,
          snake_end, spider_end, vaults_end, d_27, items_6, zot_1, zot_end,
          crypt_end, forest_end, elf_end, slime_end, tomb_end, abyss_end,
          pan_hell_end]

Skill      XL: |  1  2  3  4 |
---------------+-------------+-----
Polearms       | 7 8 |  8.6
Fighting       | 5 6 |  6.9
Armour         | 5 6 |  6.9
Shields        | |  3.6

Action                     |  1- 3 |  4- 6 || total
---------------------------+-------+-------++-------
  Melee: Trident           |    22 |    26 ||    48
         Headbutt          |     1 |     1 ||     2
 Armour: Scale mail        |    10 |    19 ||    29
  Dodge: Dodged            |     3 |    12 ||    15
  Block: Buckler           |     5 |     2 ||     7
